 Dungeon Crawl Stone Soup version 0.30-a0-626-gd6a5dd7a1f (webtiles) character file.

Game seed: 6504629757512231671

775 avis the Slasher (level 7, -2/57 HPs)
             Began as a Demigod Warper on Jan 11, 2023.
             Killed by divine providence
             ... invoked by an orc priest
              (10 damage)
             ... on level 4 of the Dungeon.
             The game lasted 00:20:42 (4337 turns).

avis the Slasher (Demigod Warper)                   Turns: 4337, Time: 00:20:42

Health: -2/57      AC:  6    Str: 17    XL:     7   Next: 28%
Magic:  13/13      EV: 14    Int: 14    God:
Gold:   160        SH:  0    Dex: 25    Spells: 8/10 levels left

rFire   . . .      SeeInvis .    a - +0 falchion
rCold   . . .      Faith    .    (no shield)
rNeg    . . .      Spirit   .    s - +0 leather armour
rPois   .          Reflect  .    B - +0 helmet
rElec   .          Harm     .    r - +0 cloak
rCorr   .          Rampage  .    n - +0 pair of gloves
Will    .....                    (no boots)
Stlth   ++                       (no amulet)
HPRegen 0.29/turn                f - +6 ring of strength
MPRegen 0.13/turn                (no ring)

@: flying
A: high MP 1, forlorn, divine attributes, talons 1, agile 1
a: no special abilities


You were on level 4 of the Dungeon.
You visited 1 branch of the dungeon, and saw 4 of its levels.

You collected 160 gold pieces.

Inventory:

Hand Weapons
 a - a +0 falchion (weapon)
 b - a +2 sling of freezing
 m - a +0 rapier
 v - a +0 sling
 w - a +0 dagger of electrocution
 A - a +0 spear of pain
Missiles
 l - 10 poisoned darts
 y - 2 silver javelins
Armour
 n - a +0 pair of gloves (worn)
 o - a +0 ring mail
 r - a +0 cloak (worn)
 s - a +0 leather armour (worn)
 B - a +0 helmet (worn)
Magical Staves
 e - a staff of fire
Jewellery
 f - a +6 ring of strength (left hand)
 q - an amulet of guardian spirit
Scrolls
 c - a scroll of blinking
 h - 2 scrolls of immolation {unknown}
 i - a scroll of brand weapon {unknown}
 j - 2 scrolls of teleportation {unknown}
 k - 3 scrolls of identify {unknown}
 p - 2 scrolls of torment
 t - 2 scrolls of fog {unknown}
 u - a scroll of enchant armour {unknown}
 x - a scroll of amnesia {unknown}
 z - 2 scrolls of noise {unknown}
Potions
 d - a potion of brilliance
 g - 2 potions of mutation


   Skills:
 - Level 3.0 Fighting
 * Level 5.4 Long Blades
 - Level 3.0 Ranged Weapons
 - Level 1.0 Throwing
 - Level 1.0 Armour
 - Level 4.0 Dodging
 - Level 2.0 Spellcasting
 - Level 3.0 Translocations


You had 8 spell levels left.
You knew the following spells:

 Your Spells              Type           Power      Damage    Failure   Level
b - Blink                 Tloc           18%        N/A       12%         2

Your spell library contained the following spells:

 Spells                   Type           Power      Damage    Failure   Level
 Apportation              Tloc           18%        N/A       9%          1
 Lesser Beckoning         Tloc           18%        N/A       24%         3
 Teleport Other           Tloc           9%         N/A       24%         3
 Vhi's Electric Charge    Tloc/Air       10%        N/A       41%         3
 Manifold Assault         Tloc           9%         N/A       63%         4
 Animate Dead             Necr           1%         N/A       95%         4
 Alistair's Intoxication  Tmut/Pois      0%         N/A       100%        5
 Haunt                    Necr/Summ      0%         N/A       100%        7
 Infestation              Necr           0%         N/A       100%        8


Dungeon Overview and Level Annotations

Branches:
Dungeon (4/15)
 Temple: D:4-7

Annotations:
D:4 Dowan, Duvessa


Innate Abilities, Weirdness & Mutations

You have an increased reservoir of magic. (+10% MP)
You shall have no god before yourself.
Your divine heritage dramatically boosts your attributes as you level up.
You have sharp toenails.
You are agile. (Dex +4, Str/Int -1)


Message History

The orc priest hits you with a +0 club.
You slash the orc priest!
The orc priest is severely wounded.
The orc priest mumbles some strange prayers to Beogh against you.
Beogh smites you!
You barely miss the orc priest. You claw the orc priest.
The orc priest is severely wounded.
The orc priest hits you but does no damage.
The orc wizard mumbles some strange words.
The orc wizard flickers and vanishes!
Deactivating autopickup; reactivate with Ctrl-A.
You hit the orc priest.
You kill the orc priest!
You hit something. Your kick misses something. Something hits you.
You closely miss something. You claw something.
You hear some strange, mumbled words.
A magic dart appears from out of thin air!
The magic dart hits you.
The orc priest mumbles some strange prayers to Beogh against you.
Beogh smites you!
* * * LOW HITPOINT WARNING * * *
It was a potion of flight.
You feel very buoyant.
You fly up into the air.
You hear some strange, mumbled words.
Something tries to affect you, but you resist.
The orc priest looks satisfied for a moment.
You barely miss something. You claw something. Something hits you.
* * * LOW HITPOINT WARNING * * *
You closely miss something. Your kick misses something.
Something hits you but does no damage.
You miss something. Something hits you but does no damage.
You slash something!
Reactivating autopickup.
You feel a bit more experienced.
You slash the orc!
You kill the orc!
The orc priest mumbles some strange prayers to Beogh against you.
Beogh smites you!
You die...

#.##...###.## #
#.#.....##.####....
#...............#
#.#.....##+#####...
#†##...##h..
#####.###.##h...
#.....# ###$....
#.#...####S.....
#.....@r.hhh....
#.#...####o.....
#.##.## ..... # ###
.... ... +#


You could see an orc priest, an adder, a quokka and 3 jackals.

Vanquished Creatures
  Grinder (D:3)
  Sigmund (D:3)
  A phantom (D:4)
  A scorpion (D:4)
  An orc priest (D:4)
  4 orc wizards (D:4)
  Terence (D:3)
  Robin (D:3)
  3 adders
  A dart slug (D:3)
  9 orcs (D:4)
  6 ball pythons
  6 bats
  3 endoplasms
  11 goblins
  13 hobgoblins
  6 jackals (D:1)
  2 quokkas (D:1)
  2 frilled lizards
  5 kobolds
  4 rats
  A spectral orc (D:3)
83 creatures vanquished.

Vanquished Creatures (others)
  2 plants (D:1)
2 creatures vanquished.

Grand Total: 85 creatures vanquished

Notes
Turn   | Place    | Note
-------+----------+-------------------------------------------
     0 | D:1      | avis the Demigod Warper began the quest for the Orb.
     0 | D:1      | Reached XP level 1. HP: 17/17 MP: 5/5
    74 | D:1      | Reached skill level 2 in Long Blades
   224 | D:1      | Reached skill level 1 in Armour
   433 | D:1      | Reached XP level 2. HP: 24/24 MP: 7/7
   436 | D:1      | Learned a level 2 spell: Blink
   780 | D:1      | Reached skill level 1 in Throwing
  1618 | D:2      | Reached XP level 3. HP: 22/30 MP: 8/8
  2239 | D:3      | Noticed Sigmund
  2363 | D:3      | Gained mutation: You are agile. (Dex +4, Str/Int -1)
                  | [potion of mutation]
  2363 | D:3      | Gained mutation: You have sharp toenails. [potion of
                  | mutation]
  2374 | D:3      | Killed Sigmund
  2375 | D:3      | Reached skill level 3 in Long Blades
  2375 | D:3      | Reached XP level 4. HP: 5/38 MP: 9/9
  2375 | D:3      | Reached XP level 5. HP: 7/45 MP: 10/10
  2560 | D:3      | Noticed Grinder
  2583 | D:3      | Killed Grinder
  2584 | D:3      | Reached XP level 6. HP: 10/51 MP: 11/11
  2968 | D:3      | Noticed Terence
  2980 | D:3      | Killed Terence
  3000 | D:3      | Noticed Robin
  3005 | D:3      | Killed Robin
  3622 | D:4      | Reached skill level 4 in Long Blades
  3819 | D:4      | Noticed Duvessa
  3819 | D:4      | Noticed Dowan
  3844 | D:4      | HP: 2/51 [Duvessa/+0 rapier (7)]
  3981 | D:4      | Reached XP level 7. HP: 57/57 MP: 13/13
  4183 | D:4      | Reached skill level 5 in Long Blades
  4337 | D:4      | Killed from afar by an orc priest

Illustrated notes

Levels and vault maps discovered:
D:1:      roderic_crop_circles_arrival_small, layout_basic,
          dreamdust_ecumenical_altar_angels_and_demons
D:2:      layout_basic, basic_altar, serial_bayou_crossing
D:3:      layout_basic, yredelemnul_forgotten_temple_becter,
          grunt_gozag_breadcrumbs, nicolae_overflow_two_pavilions,
          mainiacjoe_overflow_alcove_2, uniq_robin, uniq_sigmund, uniq_grinder,
          uniq_terence
D:4:      layout_loops_corners, minmay_misc_feat_nine_boxes, uniq_duvessa

Skill      XL: |  1  2  3  4  5  6  7 |
---------------+----------------------+-----
Fighting       | 2 3 |  3.0
Long Blades    | 2 3 4 5 |  5.4
Dodging        | 2 4 |  4.0
Armour         | 1 |  1.0
Spellcasting   | 2 |  2.0
Translocations | 3 |  3.0
Throwing       | 1 |  1.0
Ranged Weapons | 3 |  3.0

Action                   |  1- 3 |  4- 6 |  7- 9 || total
-------------------------+-------+-------+-------++-------
Melee: Falchion          |   160 |    53 |    19 ||   232
       Punch             |     1 |       |       ||     1
       Kick              |     1 |    17 |     5 ||    23
 Fire: Sling             |    17 |    48 |    25 ||    90
Throw: Boomerang         |     7 |       |       ||     7
  Use: Potion            |     3 |     1 |     1 ||     5
       Scroll            |     1 |       |       ||     1
Armor: Leather armour    |    64 |     9 |     5 ||    78
Dodge: Dodged            |   126 |    40 |     9 ||   175

Table legend: (Time is in decaauts)
 A = Elapsed time spent in this place.
 B = Non-inter-level travel time spent in this place.
 C = Inter-level travel time spent in this place.
 D = Time resting spent in this place.
 E = Time spent auto-exploring this place.
 F = Levels seen in this place.
 G = Mean time per level.
                   A        B        C        D        E       F      G
               +--------+--------+--------+--------+--------+-----+--------+
         Total |   4414 |   4098 |    316 |    848 |   2302 |   4 | 1103.5 |
       Dungeon |   4414 |   4098 |    316 |    848 |   2302 |   4 | 1103.5 |
               +--------+--------+--------+--------+--------+-----+--------+

Top non-repeatable levels by time:
     D:3: 1537 daAuts
     D:1: 1297 daAuts
     D:2: 977 daAuts
     D:4: 601 daAuts
